Ducks vs Flames

Created - 4 octobre 2017 at 17:43

Goals
1 2 3 OT1 T
Ducks 1 1 1 1 4
Flames 1 2 0 0 3
Shots
1 2 3 OT1 T
Ducks 6 4 15 1 26
Flames 11 14 13 4 42

1st period

1. Ducks , Brandon Dubinsky 1 (Colton Parayko 1, Boone Jenner 1) at 9:12
2. Flames , Shane Doan 1 (Adam Lowry 1, Brady Skjei 1) at 17:37

Penalties :
Steve Ott (ANA) for Holding (Minor) at 4:56, Steve Ott (ANA) for Hooking (Minor) at 15:25

2nd period

3. Flames , Jarome Iginla 1 (Alec Martinez 1, John Carlson 1) at 1:24
4. Flames , Adam Lowry 1 (Brady Skjei 2, Cameron Gaunce 1) at 5:20
5. Ducks , Nikolay Kulemin 1 (Claude Giroux 1, Patrick Marleau 1) at 17:35

Penalties :
Nikolay Kulemin (ANA) for Hooking (Minor) at 3:09, Wayne Simmonds (ANA) for Hooking (Minor) at 5:57, James van Riemsdyk (CGY) for Elbowing (Minor) at 10:37, Kris Letang (ANA) for High sticking (Minor) at 18:35

3rd period

6. Ducks , Wayne Simmonds 1 (Mark Scheifele 1, Kris Letang 1) at 19:57

Penalties :
Brady Skjei (CGY) for Hooking (Minor) at 10:01, Claude Giroux (ANA) for Goalie Interference (Minor) at 10:01, Justin Faulk (CGY) for Roughing (Minor) at 11:04, Brandon Dubinsky (ANA) for Charging (Minor) at 17:26

Overtime #1

7. Ducks , Claude Giroux 1 (Mark Scheifele 2, Kris Letang 2) at 1:18

Penalties :
No Penalty

Goalie Stats

Robin Lehner (ANA), 39 saves from 42 shots - (0.929), W, 1-0-0, 60:59 minutes
Andrei Vasilevskiy (CGY), 22 saves from 26 shots - (0.846), OTL, 0-0-1, 61:19 minutes

Players Stats for Ducks

Player Name              G  A  P  +/- PIM S  H  SB GA TA FO     MP     PP MP  PK MP  
------------------------------------------------------------------------------------
Boone Jenner             0  1  1   1  0   3  3  0  0  0  2/3    13:36   0:00   3:54 
Brandon Dubinsky         1  0  1   1  2   3  3  0  0  0  15/25  15:46   0:00   6:05 
Chris Kunitz             0  0  0   0  0   0  1  1  0  0  0/0     9:56   1:31   0:00 
Chris Stewart            0  0  0   0  0   0  0  0  0  0  0/0     8:25   0:00   0:00 
Claude Giroux            1  1  2   0  2   3  0  2  0  0  11/14  14:21   1:31   0:00 
Colton Parayko           0  1  1   0  0   0  2  0  0  0  0/0    23:13   1:20   4:36 
Erik Johnson             0  0  0   0  0   0  1  4  0  0  0/0    18:37   0:00   6:10 
Kris Letang              0  2  2   2  2   1  2  0  0  0  0/0    23:53   1:20   4:58 
Mark Scheifele           0  2  2   1  0   3  0  1  0  0  8/17   16:54   1:31   0:00 
Matt Hunwick             0  0  0   0  0   0  1  2  0  0  0/0    17:49   0:00   5:22 
Nikita Zaitsev           0  0  0   0  0   1  3  0  0  0  0/0    19:06   1:42   1:18 
Nikolay Kulemin          1  0  1  -1  2   1  1  1  0  0  0/0    15:14   0:00   3:18 
Patrick Marleau          0  1  1   0  0   2  2  0  0  0  0/1    15:04   1:31   0:08 
Ryan OReilly             0  0  0  -1  0   1  1  1  0  0  5/7    19:08   0:00   6:39 
Sam Bennett              0  0  0   0  0   1  0  0  0  0  9/11   10:44   1:31   0:00 
Steve Ott                0  0  0   1  4   1  1  1  0  0  1/1    13:24   0:00   3:44 
Travis Hamonic           0  0  0  -1  0   1  0  0  0  0  0/0    18:40   1:42   1:24 
Wayne Simmonds           1  0  1   0  2   5  3  0  0  0  0/1    16:07   1:31   0:00 

Players Stats for Flames

Player Name              G  A  P  +/- PIM S  H  SB GA TA FO     MP     PP MP  PK MP  
------------------------------------------------------------------------------------
Adam Lowry               1  1  2   2  0   3  2  0  0  0  7/16   14:00   0:00   0:01 
Alec Martinez            0  1  1   0  0   3  0  2  0  0  0/0    22:36   5:32   2:00 
Alexander Radulov        0  0  0   2  0   0  0  0  0  0  0/2    15:45   0:00   1:46 
Antoine Vermette         0  0  0   0  0   3  2  0  0  0  12/23  20:39   5:34   1:35 
Brady Skjei              0  2  2   2  2   0  1  1  0  0  0/0    12:18   0:00   0:22 
Brandon Sutter           0  0  0  -2  0   4  0  0  0  0  8/25   22:59   6:20   1:51 
Cameron Gaunce           0  1  1   2  0   0  0  0  0  0  0/0    12:01   0:00   0:54 
Devante Smith-Pelly      0  0  0   0  0   0  0  0  0  0  2/3     1:09   0:03   0:00 
Gabriel Bourque          0  0  0  -1  0   0  0  0  0  0  0/1     3:52   0:00   0:56 
James van Riemsdyk       0  0  0  -4  2   6  3  1  0  0  0/7    24:30   6:17   0:36 
Jared Spurgeon           0  0  0  -2  0   3  0  2  0  0  0/0    26:23   6:22   2:08 
Jarome Iginla            1  0  1   1  0   2  2  0  0  0  0/1    17:52   5:34   0:00 
John Carlson             0  1  1   0  0   5  1  2  0  0  0/0    22:04   5:32   1:28 
Jordan Martinook         0  0  0  -1  0   0  0  0  0  0  0/0     2:56   0:00   0:00 
Justin Faulk             0  0  0  -3  2   1  1  1  0  0  0/0    25:55   6:22   1:04 
Kyle Palmieri            0  0  0  -2  0   5  3  0  0  0  0/0    20:50   6:17   0:15 
Shane Doan               1  0  1   2  0   4  0  0  0  0  0/1    14:16   0:03   0:00 
Viktor Arvidsson         0  0  0   1  0   3  0  0  0  0  0/1    17:52   5:34   0:00 

3 Stars

1 - Adam Lowry (CGY)
2 - Shane Doan (CGY)
3 - Jarome Iginla (CGY)

Power Play

Ducks - 0 on 2 Attempt(s) - 0.00%
Flames - 0 on 6 Attempt(s) - 0.00%

Penalty Kill

Ducks - 6 on 6 Attempt(s) - 100.00% - Score 0 goal in Penalty Kill
Flames - 2 on 2 Attempt(s) - 100.00% - Score 0 goal in Penalty Kill

Team Stat

Ducks - Hits : 24 - Faceoff Wins : 51 - Blocked Shots : 13 - Penalty Minutes : 14
Flames - Hits : 15 - Faceoff Wins : 29 - Blocked Shots : 9 - Penalty Minutes : 6

Official

Referees : Kendrick Nicholson and Dave Lewis
Linesman : Ryan Gibbons and Scott Driscoll

Game Notes

No Game Note

Finance

Level 1 -- Attendance: 5818 (89.51%) -- Ticket Income 581 800 $
Level 2 -- Attendance: 5000 (100.00%) -- Ticket Income 275 000 $
Level 3 -- Attendance: 3309 (94.54%) -- Ticket Income 148 905 $
Level 4 -- Attendance: 3045 (92.58%) -- Ticket Income 76 125 $
Luxury Box -- Attendance: 1000 (100.00%) -- Ticket Income 150 000 $
Game was played at the Scotiabank Saddledome.
Total Attendance: 18172 (94.21%)
Total Ticket Income: 1 231 830 $
Other Income: 184 774 $
Total Income: 1 416 604 $

% Time on Ice - Ducks

Lines # - Real PCT - Wanted PCT - Time Play
Normal Forward
1 - 29% - 30% - 12:29
2 - 28% - 30% - 11:57
3 - 23% - 25% - 9:42
4 - 20% - 15% - 8:25
Normal Defense
1 - 35% - 36% - 14:58
2 - 36% - 36% - 15:08
3 - 29% - 28% - 12:27
4 - 0% - 0% - 0:00
PP Forward
1 - 50% - 55% - 1:31
2 - 50% - 45% - 1:31
PP Defense
1 - 56% - 55% - 1:42
2 - 44% - 45% - 1:20
PK Forward
1 - 66% - 55% - 7:54
2 - 34% - 45% - 4:00
PK Defense
1 - 45% - 55% - 5:22
2 - 55% - 45% - 6:32
PK3 Forward
1 - 0% - 55%
2 - 0% - 45%
PK3 Defense
1 - 0% - 55%
2 - 0% - 45%
44 Forward
1 - 60% - 55% - 1:11
2 - 40% - 45% - 0:48
44 Defense
1 - 78% - 55% - 1:33
2 - 22% - 45% - 0:26
Last Minute Offensive  - 0:32
Last Minute Defensive  - 0:00
Total
Forward - 60:00
Defense - 60:00

% Time on Ice - Flames

Lines # - Real PCT - Wanted PCT - Time Play
Normal Forward
1 - 31% - 40% - 13:20
2 - 29% - 30% - 12:18
3 - 33% - 20% - 13:59
4 - 7% - 10% - 2:56
Normal Defense
1 - 39% - 40% - 16:26
2 - 34% - 30% - 14:19
3 - 26% - 20% - 11:07
4 - 2% - 10% - 0:41
PP Forward
1 - 53% - 60% - 6:20
2 - 47% - 40% - 5:34
PP Defense
1 - 54% - 60% - 6:22
2 - 46% - 40% - 5:32
PK Forward
1 - 92% - 60% - 2:47
2 - 8% - 40% - 0:15
PK Defense
1 - 62% - 60% - 1:52
2 - 38% - 40% - 1:10
PK3 Forward
1 - 100% - 60% - 0:56
2 - 0% - 40% - 0:00
PK3 Defense
1 - 68% - 60% - 0:38
2 - 32% - 40% - 0:18
44 Forward
1 - 71% - 60% - 0:45
2 - 29% - 40% - 0:18
44 Defense
1 - 29% - 60% - 0:18
2 - 71% - 40% - 0:45
Last Minute Offensive  - 0:00
Last Minute Defensive  - 0:32
Total
Forward - 60:00
Defense - 60:00

Play by Play

1st period


0:01 of 1st period - Mark Scheifele wins face-off versus Brandon Sutter in neutral zone.
0:24 of 1st period - Jared Spurgeon is hit by Ryan OReilly and loses puck.
3:31 of 1st period - Kris Letang is hit by Adam Lowry and loses puck.
3:53 of 1st period - Off-side.
3:54 of 1st period - Devante Smith-Pelly wins face-off versus Mark Scheifele in neutral zone.
4:07 of 1st period - Shot by Jordan Martinook.
4:07 of 1st period - Shot Misses the Net.
4:47 of 1st period - Shot by Adam Lowry.
4:47 of 1st period - Shot Misses the Net.
4:56 of 1st period - Minor Penalty to Steve Ott for Holding.
4:57 of 1st period - Brandon Dubinsky wins face-off versus Brandon Sutter in Ducks zone.
5:16 of 1st period - Shot by John Carlson.
5:16 of 1st period - Stopped by Robin Lehner with a rebound.
5:18 of 1st period - Shot by John Carlson.
5:18 of 1st period - Stopped by Robin Lehner without a rebound.
5:19 of 1st period - Antoine Vermette wins face-off versus Brandon Dubinsky in Ducks zone.
6:06 of 1st period - Shot by Kyle Palmieri.
6:06 of 1st period - Stopped by Robin Lehner without a rebound.
6:07 of 1st period - Brandon Sutter wins face-off versus Brandon Dubinsky in Ducks zone.
6:13 of 1st period - Shot by Alec Martinez.
6:13 of 1st period - Shot Misses the Net.
6:15 of 1st period - Shot by Alec Martinez.
6:15 of 1st period - Stopped by Robin Lehner without a rebound.
6:16 of 1st period - Brandon Sutter wins face-off versus Brandon Dubinsky in Ducks zone.
6:32 of 1st period - Shot by Alec Martinez.
6:32 of 1st period - Shot Misses the Net.
7:03 of 1st period - Icing by Chris Kunitz.
7:04 of 1st period - Sam Bennett wins face-off versus Jarome Iginla in Ducks zone.
7:15 of 1st period - Shot by Antoine Vermette.
7:15 of 1st period - Shot Misses the Net.
7:27 of 1st period - Shot by Antoine Vermette.
7:27 of 1st period - Shot Misses the Net.
8:17 of 1st period - Adam Lowry is hit by Nikita Zaitsev and loses puck.
9:12 of 1st period - Shot by Brandon Dubinsky.
9:12 of 1st period - Goal by Brandon Dubinsky - Ducks : 1 - Flames : 0.
9:13 of 1st period - Antoine Vermette wins face-off versus Claude Giroux in neutral zone.
9:23 of 1st period - Icing by Patrick Marleau.
9:24 of 1st period - Claude Giroux wins face-off versus Antoine Vermette in Ducks zone.
9:44 of 1st period - Shot by Antoine Vermette.
9:44 of 1st period - Shot Blocked by Erik Johnson.
10:13 of 1st period - Off-side.
10:14 of 1st period - Brandon Dubinsky wins face-off versus Brandon Sutter in neutral zone.
10:23 of 1st period - Shot by Brandon Dubinsky.
10:23 of 1st period - Stopped by Andrei Vasilevskiy without a rebound.
10:24 of 1st period - Mark Scheifele wins face-off versus Adam Lowry in Flames zone.
10:52 of 1st period - Icing by Kris Letang.
10:53 of 1st period - Brandon Sutter wins face-off versus Mark Scheifele in Ducks zone.
11:28 of 1st period - Shot by James van Riemsdyk.
11:28 of 1st period - Stopped by Robin Lehner without a rebound.
11:29 of 1st period - Antoine Vermette wins face-off versus Brandon Dubinsky in Ducks zone.
11:30 of 1st period - Shot by Viktor Arvidsson.
11:30 of 1st period - Deflect By Jarome Iginla.
11:30 of 1st period - Shot Blocked by Steve Ott.
11:40 of 1st period - Shot by Nikita Zaitsev.
11:40 of 1st period - Stopped by Andrei Vasilevskiy without a rebound.
11:41 of 1st period - Claude Giroux wins face-off versus Shane Doan in Flames zone.
11:44 of 1st period - Shot by Nikolay Kulemin.
11:44 of 1st period - Shot Hit the Post.
11:56 of 1st period - Shot by Shane Doan.
11:56 of 1st period - Shot Misses the Net.
13:34 of 1st period - Justin Faulk is hit by Steve Ott and loses puck.
13:47 of 1st period - Shot by Wayne Simmonds.
13:47 of 1st period - Shot Misses the Net.
14:02 of 1st period - Shot by Ryan OReilly.
14:02 of 1st period - Stopped by Andrei Vasilevskiy without a rebound.
14:03 of 1st period - Sam Bennett wins face-off versus Antoine Vermette in Flames zone.
14:04 of 1st period - Shot by Chris Kunitz.
14:04 of 1st period - Shot Misses the Net.
15:07 of 1st period - Brady Skjei is hit by Nikita Zaitsev and loses puck.
15:10 of 1st period - Shot by Shane Doan.
15:10 of 1st period - Shot Misses the Net.
15:12 of 1st period - Shot by Adam Lowry.
15:12 of 1st period - Stopped by Robin Lehner without a rebound.
15:13 of 1st period - Steve Ott wins face-off versus Adam Lowry in Ducks zone.
15:20 of 1st period - Shot by Steve Ott.
15:20 of 1st period - Stopped by Andrei Vasilevskiy without a rebound.
15:21 of 1st period - Brandon Dubinsky wins face-off versus Adam Lowry in Flames zone.
15:25 of 1st period - Minor Penalty to Steve Ott for Hooking.
15:26 of 1st period - Antoine Vermette wins face-off versus Brandon Dubinsky in Ducks zone.
15:35 of 1st period - Shot by Jarome Iginla.
15:35 of 1st period - Shot Misses the Net.
15:37 of 1st period - Shot by John Carlson.
15:37 of 1st period - Shot Blocked by Matt Hunwick.
15:39 of 1st period - Shot by Alec Martinez.
15:39 of 1st period - Shot Misses the Net.
15:44 of 1st period - Shot by John Carlson.
15:44 of 1st period - Shot Misses the Net.
15:46 of 1st period - Shot by John Carlson.
15:46 of 1st period - Shot Misses the Net.
15:48 of 1st period - Shot by Alec Martinez.
15:48 of 1st period - Shot Blocked by Erik Johnson.
15:50 of 1st period - Shot by John Carlson.
15:50 of 1st period - Shot Misses the Net.
15:52 of 1st period - Shot by John Carlson.
15:52 of 1st period - Shot Misses the Net.
16:08 of 1st period - Kris Letang is hit by James van Riemsdyk and loses puck.
16:29 of 1st period - Shot by Justin Faulk.
16:29 of 1st period - Shot Misses the Net.
17:03 of 1st period - Shot by John Carlson.
17:03 of 1st period - Stopped by Robin Lehner without a rebound.
17:04 of 1st period - Brandon Dubinsky wins face-off versus Brandon Sutter in Ducks zone.
17:19 of 1st period - Shot by Justin Faulk.
17:19 of 1st period - Stopped by Robin Lehner with a rebound.
17:21 of 1st period - Shot by Brandon Sutter.
17:21 of 1st period - Stopped by Robin Lehner without a rebound.
17:22 of 1st period - Brandon Dubinsky wins face-off versus Brandon Sutter in Ducks zone.
17:35 of 1st period - Shot by Adam Lowry.
17:35 of 1st period - Shot Misses the Net.
17:37 of 1st period - Shot by Adam Lowry.
17:37 of 1st period - Deflect By Shane Doan.
17:37 of 1st period - Goal by Shane Doan - Ducks : 1 - Flames : 1.
17:38 of 1st period - Adam Lowry wins face-off versus Sam Bennett in neutral zone.
17:46 of 1st period - Icing by Colton Parayko.
17:47 of 1st period - Sam Bennett wins face-off versus Gabriel Bourque in Ducks zone.
17:58 of 1st period - Shot by Chris Kunitz.
17:58 of 1st period - Shot Blocked by Alec Martinez.
18:02 of 1st period - Shot by Sam Bennett.
18:02 of 1st period - Stopped by Andrei Vasilevskiy without a rebound.
18:03 of 1st period - Antoine Vermette wins face-off versus Brandon Dubinsky in Flames zone.
18:03 of 1st period - Viktor Arvidsson is hit by Boone Jenner and loses puck.
18:21 of 1st period - Shot by Jared Spurgeon.
18:21 of 1st period - Stopped by Robin Lehner without a rebound.
18:22 of 1st period - Claude Giroux wins face-off versus Adam Lowry in Ducks zone.
18:39 of 1st period - Icing by John Carlson.
18:40 of 1st period - Adam Lowry wins face-off versus Boone Jenner in Flames zone.
19:07 of 1st period - Shot by Shane Doan.
19:07 of 1st period - Shot Misses the Net.
19:47 of 1st period - Ryan OReilly is hit by James van Riemsdyk and loses puck.
Goals for this period are 1 for Ducks vs 1 for Flames.
Shots for this period are 6 for Ducks vs 11 for Flames.

2nd period


0:01 of 2nd period - Claude Giroux wins face-off versus Brandon Sutter in neutral zone.
0:33 of 2nd period - James van Riemsdyk is hit by Erik Johnson and loses puck.
0:36 of 2nd period - Shot by Brandon Sutter.
0:36 of 2nd period - Stopped by Robin Lehner with a rebound.
1:00 of 2nd period - Shot by Viktor Arvidsson.
1:00 of 2nd period - Stopped by Robin Lehner with a rebound.
1:02 of 2nd period - Shot by Viktor Arvidsson.
1:02 of 2nd period - Stopped by Robin Lehner with a rebound.
1:18 of 2nd period - Shot by Jarome Iginla.
1:18 of 2nd period - Shot Blocked by Ryan OReilly.
1:20 of 2nd period - Shot by John Carlson.
1:20 of 2nd period - Stopped by Robin Lehner with a rebound.
1:24 of 2nd period - Shot by Jarome Iginla.
1:24 of 2nd period - Goal by Jarome Iginla - Ducks : 1 - Flames : 2.
1:25 of 2nd period - Brandon Dubinsky wins face-off versus Adam Lowry in neutral zone.
1:31 of 2nd period - Icing by Brady Skjei.
1:32 of 2nd period - Adam Lowry wins face-off versus Brandon Dubinsky in Flames zone.
1:32 of 2nd period - Alexander Radulov is hit by Brandon Dubinsky and loses puck.
1:41 of 2nd period - Brady Skjei is hit by Brandon Dubinsky and loses puck.
1:45 of 2nd period - Brady Skjei is hit by Nikita Zaitsev and loses puck.
2:27 of 2nd period - Kris Letang is hit by Adam Lowry and loses puck.
2:42 of 2nd period - Shot by Mark Scheifele.
2:42 of 2nd period - Stopped by Andrei Vasilevskiy with a rebound.
2:44 of 2nd period - Shot by Kris Letang.
2:44 of 2nd period - Stopped by Andrei Vasilevskiy without a rebound.
2:45 of 2nd period - Antoine Vermette wins face-off versus Claude Giroux in Flames zone.
2:50 of 2nd period - Shot by Patrick Marleau.
2:50 of 2nd period - Shot Blocked by Alec Martinez.
3:09 of 2nd period - Minor Penalty to Nikolay Kulemin for Hooking.
3:10 of 2nd period - Brandon Dubinsky wins face-off versus Brandon Sutter in Ducks zone.
3:27 of 2nd period - Shot by Jared Spurgeon.
3:27 of 2nd period - Stopped by Robin Lehner with a rebound.
3:29 of 2nd period - Shot by Brandon Sutter.
3:29 of 2nd period - Shot Blocked by Erik Johnson.
3:31 of 2nd period - Shot by Kyle Palmieri.
3:31 of 2nd period - Shot Misses the Net.
3:33 of 2nd period - Shot by Kyle Palmieri.
3:33 of 2nd period - Stopped by Robin Lehner without a rebound.
3:34 of 2nd period - Brandon Dubinsky wins face-off versus Antoine Vermette in Ducks zone.
4:03 of 2nd period - Icing by John Carlson.
4:04 of 2nd period - Antoine Vermette wins face-off versus Ryan OReilly in Flames zone.
4:04 of 2nd period - Antoine Vermette is hit by Boone Jenner.
4:41 of 2nd period - Erik Johnson is hit by Kyle Palmieri and loses puck.
4:46 of 2nd period - Shot by Brandon Sutter.
4:46 of 2nd period - Shot Misses the Net.
4:48 of 2nd period - Shot by Brandon Sutter.
4:48 of 2nd period - Shot Misses the Net.
4:50 of 2nd period - Shot by Jared Spurgeon.
4:50 of 2nd period - Shot Blocked by Matt Hunwick.
4:57 of 2nd period - James van Riemsdyk is hit by Matt Hunwick and loses puck.
5:14 of 2nd period - Shot by Adam Lowry.
5:14 of 2nd period - Shot Misses the Net.
5:16 of 2nd period - Shot by Cameron Gaunce.
5:16 of 2nd period - Shot Blocked by Nikolay Kulemin.
5:18 of 2nd period - Shot by Brady Skjei.
5:18 of 2nd period - Shot Blocked by Claude Giroux.
5:20 of 2nd period - Shot by Adam Lowry.
5:20 of 2nd period - Goal by Adam Lowry - Ducks : 1 - Flames : 3.
5:21 of 2nd period - Ryan OReilly wins face-off versus Adam Lowry in neutral zone.
5:38 of 2nd period - Shot by Mark Scheifele.
5:38 of 2nd period - Deflect By Wayne Simmonds.
5:38 of 2nd period - Shot Blocked by Brady Skjei.
5:57 of 2nd period - Minor Penalty to Wayne Simmonds for Hooking.
5:58 of 2nd period - Ryan OReilly wins face-off versus Antoine Vermette in Ducks zone.
5:58 of 2nd period - Ryan OReilly is hit by Jarome Iginla.
6:26 of 2nd period - Shot by Antoine Vermette.
6:26 of 2nd period - Stopped by Robin Lehner without a rebound.
6:27 of 2nd period - Brandon Dubinsky wins face-off versus Brandon Sutter in Ducks zone.
6:35 of 2nd period - Icing by Alec Martinez.
6:36 of 2nd period - Brandon Dubinsky wins face-off versus Brandon Sutter in Flames zone.
6:55 of 2nd period - Shot by Alec Martinez.
6:55 of 2nd period - Stopped by Robin Lehner with a rebound.
7:03 of 2nd period - Shot by Kyle Palmieri.
7:03 of 2nd period - Stopped by Robin Lehner without a rebound.
7:04 of 2nd period - Ryan OReilly wins face-off versus Antoine Vermette in Ducks zone.
7:32 of 2nd period - Icing by Antoine Vermette.
7:33 of 2nd period - Antoine Vermette wins face-off versus Brandon Dubinsky in Flames zone.
7:51 of 2nd period - Shot by Jared Spurgeon.
7:51 of 2nd period - Shot Misses the Net.
8:24 of 2nd period - Sam Bennett is hit by John Carlson and loses puck.
8:57 of 2nd period - Shot by Shane Doan.
8:57 of 2nd period - Stopped by Robin Lehner without a rebound.
8:58 of 2nd period - Mark Scheifele wins face-off versus Adam Lowry in Ducks zone.
9:07 of 2nd period - Justin Faulk is hit by Wayne Simmonds and loses puck.
9:21 of 2nd period - Shot by Wayne Simmonds.
9:21 of 2nd period - Stopped by Andrei Vasilevskiy with a rebound.
9:23 of 2nd period - Shot by Wayne Simmonds.
9:23 of 2nd period - Shot Blocked by Jared Spurgeon.
9:25 of 2nd period - Shot by Wayne Simmonds.
9:25 of 2nd period - Shot Misses the Net.
10:00 of 2nd period - Shot by Nikolay Kulemin.
10:00 of 2nd period - Deflect By Patrick Marleau.
10:00 of 2nd period - Shot Misses the Net.
10:06 of 2nd period - Shot by Antoine Vermette.
10:06 of 2nd period - Stopped by Robin Lehner without a rebound.
10:07 of 2nd period - Boone Jenner wins face-off versus Brandon Sutter in Ducks zone.
10:07 of 2nd period - Boone Jenner is hit by Kyle Palmieri.
10:37 of 2nd period - Minor Penalty to James van Riemsdyk for Elbowing.
10:38 of 2nd period - Mark Scheifele wins face-off versus Alexander Radulov in Flames zone.
11:05 of 2nd period - Icing by Kris Letang.
11:06 of 2nd period - Antoine Vermette wins face-off versus Mark Scheifele in Ducks zone.
11:42 of 2nd period - Off-side.
11:43 of 2nd period - Claude Giroux wins face-off versus Alexander Radulov in neutral zone.
11:46 of 2nd period - Alexander Radulov is hit by Patrick Marleau and loses puck.
12:49 of 2nd period - Shot by Alexander Radulov.
12:49 of 2nd period - Shot Misses the Net.
13:04 of 2nd period - Matt Hunwick is hit by Brady Skjei and loses puck.
14:17 of 2nd period - Shot by Patrick Marleau.
14:17 of 2nd period - Shot Hit the Post.
14:19 of 2nd period - Shot by Nikolay Kulemin.
14:19 of 2nd period - Shot Misses the Net.
15:02 of 2nd period - Off-side.
15:03 of 2nd period - Sam Bennett wins face-off versus James van Riemsdyk in neutral zone.
15:16 of 2nd period - Shot by Gabriel Bourque.
15:16 of 2nd period - Shot Misses the Net.
15:20 of 2nd period - Shot by Jordan Martinook.
15:20 of 2nd period - Deflect By James van Riemsdyk.
15:20 of 2nd period - Shot Blocked by Erik Johnson.
15:39 of 2nd period - Icing by Matt Hunwick.
15:40 of 2nd period - Sam Bennett wins face-off versus Adam Lowry in Ducks zone.
16:05 of 2nd period - Shot by Alexander Radulov.
16:05 of 2nd period - Shot Misses the Net.
16:20 of 2nd period - Icing by Chris Kunitz.
16:21 of 2nd period - Sam Bennett wins face-off versus Antoine Vermette in Ducks zone.
16:26 of 2nd period - Brady Skjei is hit by Chris Kunitz and loses puck.
17:09 of 2nd period - Shot by James van Riemsdyk.
17:09 of 2nd period - Stopped by Robin Lehner without a rebound.
17:10 of 2nd period - Claude Giroux wins face-off versus James van Riemsdyk in Ducks zone.
17:25 of 2nd period - Shot by Patrick Marleau.
17:25 of 2nd period - Shot Misses the Net.
17:27 of 2nd period - Shot by Nikita Zaitsev.
17:27 of 2nd period - Shot Misses the Net.
17:35 of 2nd period - Shot by Nikolay Kulemin.
17:35 of 2nd period - Goal by Nikolay Kulemin - Ducks : 2 - Flames : 3.
17:36 of 2nd period - Adam Lowry wins face-off versus Brandon Dubinsky in neutral zone.
18:28 of 2nd period - Shot by Justin Faulk.
18:28 of 2nd period - Shot Misses the Net.
18:30 of 2nd period - Shot by Justin Faulk.
18:30 of 2nd period - Shot Misses the Net.
18:33 of 2nd period - Antoine Vermette is hit by Colton Parayko and loses puck.
18:35 of 2nd period - Minor Penalty to Kris Letang for High sticking.
18:36 of 2nd period - Ryan OReilly wins face-off versus Brandon Sutter in Ducks zone.
Goals for this period are 1 for Ducks vs 2 for Flames.
Shots for this period are 4 for Ducks vs 14 for Flames.

3rd period


0:01 of 3rd period - Brandon Dubinsky wins face-off versus Brandon Sutter in neutral zone.
0:34 of 3rd period - Shot by Brandon Dubinsky.
0:34 of 3rd period - Shot Misses the Net.
0:58 of 3rd period - Shot by Wayne Simmonds.
0:58 of 3rd period - Deflect By Mark Scheifele.
0:58 of 3rd period - Shot Blocked by John Carlson.
2:08 of 3rd period - James van Riemsdyk is hit by Colton Parayko.
2:20 of 3rd period - Shot by Brandon Sutter.
2:20 of 3rd period - Shot Blocked by Claude Giroux.
2:32 of 3rd period - Shot by Brandon Sutter.
2:32 of 3rd period - Shot Misses the Net.
2:34 of 3rd period - Shot by Brandon Sutter.
2:34 of 3rd period - Stopped by Robin Lehner with a rebound.
3:08 of 3rd period - Shot by Viktor Arvidsson.
3:08 of 3rd period - Stopped by Robin Lehner with a rebound.
3:33 of 3rd period - Off-side.
3:34 of 3rd period - Mark Scheifele wins face-off versus James van Riemsdyk in neutral zone.
3:39 of 3rd period - Shot by Wayne Simmonds.
3:39 of 3rd period - Shot Misses the Net.
5:00 of 3rd period - Shot by Boone Jenner.
5:00 of 3rd period - Shot Misses the Net.
5:06 of 3rd period - Shot by Boone Jenner.
5:06 of 3rd period - Stopped by Andrei Vasilevskiy without a rebound.
5:07 of 3rd period - Sam Bennett wins face-off versus Brandon Sutter in Flames zone.
5:08 of 3rd period - Shot by Chris Kunitz.
5:08 of 3rd period - Deflect By Sam Bennett.
5:08 of 3rd period - Shot Misses the Net.
5:56 of 3rd period - Shot by Nikita Zaitsev.
5:56 of 3rd period - Shot Blocked by James van Riemsdyk.
5:58 of 3rd period - Shot by Steve Ott.
5:58 of 3rd period - Shot Blocked by Jared Spurgeon.
6:00 of 3rd period - Shot by Travis Hamonic.
6:00 of 3rd period - Deflect By Boone Jenner.
6:00 of 3rd period - Stopped by Andrei Vasilevskiy without a rebound.
6:01 of 3rd period - Antoine Vermette wins face-off versus Mark Scheifele in Flames zone.
6:38 of 3rd period - Ryan OReilly is hit by Jarome Iginla and loses puck.
6:59 of 3rd period - Shot by Shane Doan.
6:59 of 3rd period - Stopped by Robin Lehner with a rebound.
7:17 of 3rd period - Shot by Adam Lowry.
7:17 of 3rd period - Stopped by Robin Lehner without a rebound.
7:18 of 3rd period - Brandon Dubinsky wins face-off versus James van Riemsdyk in Ducks zone.
7:25 of 3rd period - Shot by Boone Jenner.
7:25 of 3rd period - Deflect By Brandon Dubinsky.
7:25 of 3rd period - Stopped by Andrei Vasilevskiy without a rebound.
7:26 of 3rd period - Claude Giroux wins face-off versus Brandon Sutter in Flames zone.
7:45 of 3rd period - Shot by Patrick Marleau.
7:45 of 3rd period - Stopped by Andrei Vasilevskiy without a rebound.
7:46 of 3rd period - Brandon Dubinsky wins face-off versus Viktor Arvidsson in Flames zone.
8:42 of 3rd period - Shot by Patrick Marleau.
8:42 of 3rd period - Shot Misses the Net.
8:44 of 3rd period - Shot by Travis Hamonic.
8:44 of 3rd period - Stopped by Andrei Vasilevskiy without a rebound.
8:45 of 3rd period - Sam Bennett wins face-off versus Brandon Sutter in Flames zone.
9:10 of 3rd period - Shot by Brandon Sutter.
9:10 of 3rd period - Stopped by Robin Lehner with a rebound.
9:12 of 3rd period - Shot by Brandon Sutter.
9:12 of 3rd period - Shot Blocked by Chris Kunitz.
9:45 of 3rd period - Matt Hunwick is hit by James van Riemsdyk and loses puck.
10:01 of 3rd period - Minor Penalty to Brady Skjei for Hooking.
10:01 of 3rd period - Minor Penalty to Claude Giroux for Goalie Interference.
10:02 of 3rd period - Mark Scheifele wins face-off versus Devante Smith-Pelly in Flames zone.
10:05 of 3rd period - Shot by Mark Scheifele.
10:05 of 3rd period - Shot Misses the Net.
10:15 of 3rd period - Shot by Mark Scheifele.
10:15 of 3rd period - Stopped by Andrei Vasilevskiy without a rebound.
10:16 of 3rd period - Devante Smith-Pelly wins face-off versus Mark Scheifele in Flames zone.
10:22 of 3rd period - Shot by Devante Smith-Pelly.
10:22 of 3rd period - Shot Misses the Net.
10:26 of 3rd period - Shot by Alec Martinez.
10:26 of 3rd period - Stopped by Robin Lehner without a rebound.
10:27 of 3rd period - Mark Scheifele wins face-off versus James van Riemsdyk in Ducks zone.
10:36 of 3rd period - Shot by Mark Scheifele.
10:36 of 3rd period - Shot Blocked by John Carlson.
10:46 of 3rd period - Shot by Mark Scheifele.
10:46 of 3rd period - Stopped by Andrei Vasilevskiy without a rebound.
10:47 of 3rd period - Antoine Vermette wins face-off versus Mark Scheifele in Flames zone.
10:47 of 3rd period - Antoine Vermette is hit by Wayne Simmonds.
11:01 of 3rd period - Shot by Wayne Simmonds.
11:01 of 3rd period - Stopped by Andrei Vasilevskiy with a rebound.
11:04 of 3rd period - Minor Penalty to Justin Faulk for Roughing.
11:05 of 3rd period - Sam Bennett wins face-off versus James van Riemsdyk in Flames zone.
11:28 of 3rd period - Shot by Patrick Marleau.
11:28 of 3rd period - Stopped by Andrei Vasilevskiy with a rebound.
12:18 of 3rd period - Travis Hamonic is hit by Antoine Vermette and loses puck.
13:34 of 3rd period - Brady Skjei is hit by Brandon Dubinsky and loses puck.
13:40 of 3rd period - Icing by Justin Faulk.
13:41 of 3rd period - Mark Scheifele wins face-off versus Antoine Vermette in Flames zone.
13:41 of 3rd period - Mark Scheifele is hit by Justin Faulk.
13:53 of 3rd period - Shot by Wayne Simmonds.
13:53 of 3rd period - Stopped by Andrei Vasilevskiy without a rebound.
13:54 of 3rd period - Claude Giroux wins face-off versus James van Riemsdyk in Flames zone.
14:08 of 3rd period - Shot by Jordan Martinook.
14:08 of 3rd period - Deflect By James van Riemsdyk.
14:08 of 3rd period - Stopped by Robin Lehner without a rebound.
14:09 of 3rd period - Adam Lowry wins face-off versus Mark Scheifele in Ducks zone.
14:12 of 3rd period - Shot by Shane Doan.
14:12 of 3rd period - Stopped by Robin Lehner without a rebound.
14:13 of 3rd period - Brandon Sutter wins face-off versus Wayne Simmonds in Ducks zone.
15:04 of 3rd period - Jared Spurgeon is hit by Wayne Simmonds and loses puck.
15:20 of 3rd period - Shot by Nikolay Kulemin.
15:20 of 3rd period - Shot Misses the Net.
15:32 of 3rd period - Shot by Claude Giroux.
15:32 of 3rd period - Stopped by Andrei Vasilevskiy without a rebound.
15:33 of 3rd period - Brandon Dubinsky wins face-off versus Antoine Vermette in Flames zone.
15:42 of 3rd period - Shot by Brandon Dubinsky.
15:42 of 3rd period - Shot Misses the Net.
15:44 of 3rd period - Shot by Erik Johnson.
15:44 of 3rd period - Shot Misses the Net.
16:34 of 3rd period - Icing by Brady Skjei.
16:35 of 3rd period - Antoine Vermette wins face-off versus Ryan OReilly in Flames zone.
16:54 of 3rd period - Shot by Kyle Palmieri.
16:54 of 3rd period - Stopped by Robin Lehner without a rebound.
16:55 of 3rd period - Adam Lowry wins face-off versus Claude Giroux in Ducks zone.
17:05 of 3rd period - Icing by Nikolay Kulemin.
17:06 of 3rd period - Claude Giroux wins face-off versus Brandon Sutter in Ducks zone.
17:17 of 3rd period - Kyle Palmieri is hit by Patrick Marleau and loses puck.
17:22 of 3rd period - Shot by Claude Giroux.
17:22 of 3rd period - Stopped by Andrei Vasilevskiy without a rebound.
17:23 of 3rd period - Brandon Dubinsky wins face-off versus Adam Lowry in Flames zone.
17:24 of 3rd period - Shot by Boone Jenner.
17:24 of 3rd period - Stopped by Andrei Vasilevskiy without a rebound.
17:25 of 3rd period - Brandon Sutter wins face-off versus Brandon Dubinsky in Flames zone.
17:25 of 3rd period - Brandon Sutter is hit by Boone Jenner.
17:26 of 3rd period - Minor Penalty to Brandon Dubinsky for Charging.
17:27 of 3rd period - Boone Jenner wins face-off versus Brandon Sutter in Ducks zone.
17:27 of 3rd period - Matt Hunwick is hit by Kyle Palmieri and loses puck.
17:40 of 3rd period - Shot by Brandon Sutter.
17:40 of 3rd period - Shot Misses the Net.
17:50 of 3rd period - Shot by Jared Spurgeon.
17:50 of 3rd period - Stopped by Robin Lehner with a rebound.
18:06 of 3rd period - Shot by James van Riemsdyk.
18:06 of 3rd period - Stopped by Robin Lehner with a rebound.
18:44 of 3rd period - Shot by Jarome Iginla.
18:44 of 3rd period - Stopped by Robin Lehner with a rebound.
18:46 of 3rd period - Shot by John Carlson.
18:46 of 3rd period - Stopped by Robin Lehner without a rebound.
18:47 of 3rd period - Ryan OReilly wins face-off versus Antoine Vermette in Ducks zone.
18:52 of 3rd period - Antoine Vermette is hit by Nikolay Kulemin.
19:03 of 3rd period - Viktor Arvidsson is hit by Kris Letang and loses puck.
19:26 of 3rd period - Kyle Palmieri is hit by Kris Letang and loses puck.
19:37 of 3rd period - Ducks, Robin Lehner is pulled from the net.
19:39 of 3rd period - Shot by Patrick Marleau.
19:39 of 3rd period - Deflect By Wayne Simmonds.
19:39 of 3rd period - Stopped by Andrei Vasilevskiy with a rebound.
19:57 of 3rd period - Shot by Wayne Simmonds.
19:57 of 3rd period - Goal by Wayne Simmonds - Ducks : 3 - Flames : 3.
19:57 of 3rd period - Robin Lehner from Ducks was sent back in the game.
19:58 of 3rd period - Adam Lowry wins face-off versus Sam Bennett in neutral zone.
Goals for this period are 1 for Ducks vs 0 for Flames.
Shots for this period are 15 for Ducks vs 13 for Flames.

Overtime #1


0:01 of 1st overtime period - Brandon Sutter wins face-off versus Mark Scheifele in neutral zone.
0:06 of 1st overtime period - Shot by James van Riemsdyk.
0:06 of 1st overtime period - Shot Misses the Net.
0:08 of 1st overtime period - Shot by James van Riemsdyk.
0:08 of 1st overtime period - Stopped by Robin Lehner without a rebound.
0:09 of 1st overtime period - Claude Giroux wins face-off versus Antoine Vermette in Ducks zone.
0:09 of 1st overtime period - Claude Giroux is hit by Antoine Vermette.
0:21 of 1st overtime period - Shot by Claude Giroux.
0:21 of 1st overtime period - Shot Misses the Net.
0:42 of 1st overtime period - Shot by Antoine Vermette.
0:42 of 1st overtime period - Shot Blocked by Mark Scheifele.
0:44 of 1st overtime period - Shot by James van Riemsdyk.
0:44 of 1st overtime period - Shot Misses the Net.
0:46 of 1st overtime period - Shot by Antoine Vermette.
0:46 of 1st overtime period - Stopped by Robin Lehner without a rebound.
0:47 of 1st overtime period - Brandon Sutter wins face-off versus Patrick Marleau in Ducks zone.
0:54 of 1st overtime period - Shot by Kyle Palmieri.
0:54 of 1st overtime period - Stopped by Robin Lehner without a rebound.
0:55 of 1st overtime period - Brandon Sutter wins face-off versus Mark Scheifele in Ducks zone.
1:02 of 1st overtime period - Shot by James van Riemsdyk.
1:02 of 1st overtime period - Stopped by Robin Lehner without a rebound.
1:03 of 1st overtime period - Claude Giroux wins face-off versus Antoine Vermette in Ducks zone.
1:16 of 1st overtime period - Shot by Claude Giroux.
1:16 of 1st overtime period - Shot Blocked by Justin Faulk.
1:18 of 1st overtime period - Shot by Claude Giroux.
1:18 of 1st overtime period - Goal by Claude Giroux - Ducks : 4 - Flames : 3.
Goals for this period are 1 for Ducks vs 0 for Flames.
Shots for this period are 1 for Ducks vs 4 for Flames.